 Dungeon Crawl Stone Soup version 0.29.0-15-g675c0067aa (webtiles) character file.

Game seed: 18421899571030714499

3 void236 the Conjurer (level 1, 0/10 HPs)
             Began as a Deep Elf Conjurer on Sept 11, 2022.
             Slain by a goblin
             ... wielding a +0 dagger
              (1 damage)
             ... on level 1 of the Dungeon.
             The game lasted 00:00:49 (159 turns).

void236 the Conjurer (Deep Elf Conjurer)             Turns: 159, Time: 00:00:49

Health: 0/10       AC:  2    Str:  4    XL:     1   Next: 41%
Magic:  6/6        EV: 12    Int: 22    God:
Gold:   4          SH:  0    Dex: 13    Spells: 5/6 levels left

rFire   . . .      SeeInvis .   (no weapon)
rCold   . . .      Faith    .   (no shield)
rNeg    . . .      Spirit   .   a - +0 robe
rPois   .          Reflect  .   (no helmet)
rElec   .          Harm     .   (no cloak)
rCorr   .          Rampage  .   (no gloves)
Will    .....                   (no boots)
Stlth   ++........              (no amulet)
HPRegen 0.03/turn               (no ring)
MPRegen 0.10/turn               (no ring)

@: no status effects
A: no striking features
a: no special abilities


You were on level 1 of the Dungeon.
You visited 1 branch of the dungeon, and saw 1 of its levels.

You collected 4 gold pieces.

Inventory:

Armour
 a - a +0 robe (worn)
Potions
 b - a potion of magic


   Skills:
 + Level 2.5 Dodging
 + Level 2.4 Stealth
 + Level 3.0 Spellcasting
 + Level 4.5 Conjurations


You had 5 spell levels left.
You knew the following spells:

 Your Spells              Type           Power      Damage    Failure   Level
a - Magic Dart            Conj           92%        1d7       1%          1

Your spell library contained the following spells:

 Spells                   Type           Power      Damage    Failure   Level
 Searing Ray              Conj           46%        2d6       3%          2
 Dazzling Flash           Conj/Hex       26%        N/A       14%         3
 Fulminant Prism          Conj/Hex       6%         3d7       43%         4
 Iskenderun's Mystic Bla  Conj/Tloc      13%        2d5       43%         4


Dungeon Overview and Level Annotations

Branches:
Dungeon (1/15)

Altars:


Message History

Press: ? - help, Shift-Dir - straight line, f/p - kobold
Aim: a kobold, wielding a +0 dagger and quivering stones (100% to hit)
The magic dart hits the kobold.
You kill the kobold!
You start resting.
HP restored.
You start resting.
Magic restored.
Found a stone.
Found a leather armour.
A goblin comes into view. It is wielding a +0 dagger.
The goblin shouts!
A bat comes into view.
Found a scroll labelled RAIS LEDUEHOE.
The goblin closely misses you.
Found a short sword.
The goblin misses you. The goblin hits you with a +0 dagger.
A bat comes into view.
The bat moves out of view. 2 jackals and a dart slug come into view.
The bat closely misses you.
You completely miss the bat.
The jackal barks!
You hear a shout!
The bat hits you but does no damage. The goblin misses you.
A kobold comes into view. It is wielding a +0 short sword.
The bat misses you.
You closely miss the bat. The bat barely misses you.
The goblin hits you with a +0 dagger. The goblin attacks as you move away!
The goblin completely misses you. The bat closely misses you. The bat hits you.
The jackal closely misses you. The dart slug launches a dart at you.
The slug dart misses you.
The slug dart hits the bat.
The bat dies!
The jackal barely misses you.
The jackal bites you but does no damage.
The jackal bites you.
* * * LOW HITPOINT WARNING * * *
The goblin hits you with a +0 dagger.
You die...

... .## #.. #. #.# #.#
#.# ###. #(# #.. #.#
.#.# #.# #.# #.# #..##
#.# #.# #.###...## #.#
#.# #.##..K..##
##.###.####.#...w...##
#..............hh....#.#
..#...b........g@......#
#..........#...).....###
.............?..........
##.#.......###.....#####
#.........# ##...##
###......[# #.....
######### #.#### #.


You could see a dart slug, 2 jackals, a goblin and a kobold.

Vanquished Creatures
  A ball python (D:1)
  A kobold (D:1)
  A rat (D:1)
3 creatures vanquished.

Vanquished Creatures (others)
  A bat (D:1)
1 creature vanquished.

Grand Total: 4 creatures vanquished

Notes
Turn   | Place    | Note
-------+----------+-------------------------------------------
     0 | D:1      | void236 the Deep Elf Conjurer began the quest for the Orb.
     0 | D:1      | Reached XP level 1. HP: 10/10 MP: 6/6
   159 | D:1      | Slain by a goblin

Illustrated notes

Levels and vault maps discovered:
D:1:      lightli_arrival_lavapool, layout_loops_ring, minmay_misc_feat_cross

Action                   || total
-------------------------++-------
Melee: Unarmed           ||     2
 Cast: Magic Dart        ||     5
Armor: Robe              ||     2
Dodge: Dodged            ||    13
